 Dungeon Crawl Stone Soup version 0.19.0-19-g8c6edcc (webtiles) character file.

27 Haldmier the Slasher (level 2, 0/19 HPs)
             Began as a High Elf Skald on Nov 12, 2016.
             Slain by a hobgoblin
             ... wielding a +0 club
              (5 damage)
             ... on level 1 of the Dungeon.
             The game lasted 00:02:15 (1086 turns).

Haldmier the Slasher (High Elf Skald)               Turns: 1086, Time: 00:02:15

Health: 0/19       AC:  3    Str: 11    XL:     2   Next: 93%
Magic:  0/6        EV: 11    Int: 15    God:
Gold:   7          SH:  0    Dex: 14    Spells: 2 memorised, 2 levels left

rFire  . . .     SeeInvis .     a - +0 falchion
rCold  . . .     Gourm    .     b - +0 leather armour
rNeg   . . .     Faith    .     (no shield)
rPois  .         Spirit   .     (no helmet)
rElec  .         Reflect  .     (no cloak)
rCorr  .         Harm     .     (no gloves)
MR     .....                    (no boots)
Stlth  +.........               (no amulet)
                                (no ring)
                                (no ring)

@: infused
A: no striking features
a: no special abilities


You were on level 1 of the Dungeon.
You were not hungry.

You visited 1 branch of the dungeon, and saw 2 of its levels.

You collected 7 gold pieces.

Inventory:

Hand Weapons
 a - a +0 falchion (weapon)
Missiles
 f - 28 stones (quivered)
Armour
 b - a +0 leather armour (worn)
 j - a +0 pair of gloves
 o - a +4 plate armour of cold resistance
Jewellery
 m - a cursed ring of loudness {unknown}
Scrolls
 e - 2 scrolls of remove curse {unknown}
 h - a scroll of recharging {unknown}
 k - a scroll of identify {unknown}
Potions
 i - a potion of berserk rage {unknown}
 n - a potion of flight {unknown}
Books
 c - a book of Battle

   Spells                             Type                      Level
   a - Infusion                       Charms                       1
   b - Shroud of Golubria             Charms/Translocation         2
   c - Song of Slaying                Charms                       2
   d - Spectral Weapon                Hexes/Charms                 3
   e - Regeneration                   Charms/Necromancy            3
Comestibles
 d - 2 bread rations
 g - a slice of pizza
 l - 4 chunks of flesh


   Skills:
 - Level 2.0 Fighting
 + Level 4.2 Long Blades
 - Level 0.8 Armour
 - Level 1.1 Dodging
 - Level 2.4 Spellcasting
 - Level 3.6 Charms


You had 2 spell levels left.
You knew the following spells:

 Your Spells              Type           Power        Failure   Level  Hunger
a - Infusion              Chrm           ##..         10%         1    #......
b - Shroud of Golubria    Chrm/Tloc      #.........   24%         2    ###....


Dungeon Overview and Level Annotations

Branches:
Dungeon (2/15)

Altars:


Message History

You extend your infusion's duration.
The hobgoblin hits you with a club.
A dart slug comes into view.
You barely miss the hobgoblin.
The hobgoblin is moderately wounded.
The hobgoblin closely misses you. The hobgoblin barely misses you.
You hit the hobgoblin.
The hobgoblin is heavily wounded.
The hobgoblin hits you. The hobgoblin hits you with a club.
You hit the hobgoblin.
The hobgoblin is almost dead.
The hobgoblin closely misses you.
You riposte.
You hit the hobgoblin.
You kill the hobgoblin!
The hobgoblin hits you with a club. The hobgoblin hits you with a club.
* * * LOW HITPOINT WARNING * * *
Some of the chunks of flesh in your inventory have rotted away.
You hit the hobgoblin.
The hobgoblin is almost dead.
The hobgoblin hits you with a club.
You die...

#..## #................
#...#### #.######.##......
######.#....# #.### #.##......
#...........# #...#
##.##...... #.......#...#
#...###..........
#.......#...#
#...##..##...#.##
#.......#...# #......##.##...#
#.......##..###.....##...##..#
#...........rg@.....#.....##.#
#.......###..##.##.#....)..#.#
#.......#
##.##.##.##.....#..##
#.......#
#..#.##..##...##...รท
#.......# ##.#.#....##.##..###
######### ...#..#...##..##
#..#.# .#....# # #..#.## .....
.. #..#.####.### ##


You could see a hobgoblin and a rat.

Vanquished Creatures
  An ooze (D:1)
  A giant cockroach (D:1)
  2 goblins (D:1)
  2 hobgoblins (D:1)
  A jackal (D:1)
  A quokka (D:1)
  2 ball pythons (D:1)
  4 bats (D:1)
  3 frilled lizards (D:1)
  4 kobolds
  2 rats (D:1)
23 creatures vanquished.

Notes
Turn   | Place    | Note
-------+----------+-------------------------------------------
     0 | D:1      | Haldmier the High Elf Skald began the quest for the Orb.
     0 | D:1      | Reached XP level 1. HP: 14/14 MP: 4/4
   286 | D:1      | Reached skill level 3 in Long Blades
   313 | D:1      | Reached XP level 2. HP: 6/19 MP: 0/6
   542 | D:1      | Learned a level 2 spell: Shroud of Golubria
   883 | D:1      | Reached skill level 4 in Long Blades
  1086 | D:1      | Slain by a hobgoblin

Skill      XL: |  1  2 |
---------------+-------+-----
Long Blades    | 3 4 |  4.2
Fighting       | |  2.0
Armour         | |  0.8
Dodging        | |  1.1
Spellcasting   | |  2.4
Charms         | |  3.6

Action                   || total
-------------------------++-------
Melee: Falchion          ||    67
 Cast: Infusion          ||     8
  Eat: Chunk             ||     1
Armor: Leather armour    ||    16
Dodge: Dodged            ||    53
       Rpst.: Falchion   ||    15
